 Dungeon Crawl Stone Soup version 0.30.0 (webtiles) character file.

Game seed: 10211037231076403141

6490 zlionsfan the Carver (level 11, 0/117 HPs)
             Began as a Djinni Delver on May 6, 2023.
             Was a Believer of Qazlal.
             Slain by a blink frog (3 damage)
             ... on level 2 of the Lair of Beasts.
             The game lasted 00:33:28 (8335 turns).

zlionsfan the Carver (Djinni Delver)                Turns: 8335, Time: 00:33:29

Health: 0/117      AC: 13    Str: 11    XL:     11   Next: 19%
Gold:   472        EV: 15    Int: 12    God:    Qazlal [**....] SH:  3 Dex: 19

rFire   + + .        a - +3 falchion
rCold   x . .        (no shield)
rNeg    . . .        b - +3 leather armour
rPois   ∞            (no helmet)
rElec   .            z - scarf {repulsion}
rCorr   +            C - +2 pair of gloves of Circular Logic {Rampage}
SInv    .            (boots unavailable)
Will    +....        A - amulet of the acrobat Stlth
                     q - ring of resist corrosion
HPRegen 0.39/turn    u - +4 ring of protection
MPRegen 0.00/turn

%: repel missiles, acrobat, rampage, infuse magic (-1 HP)
@: berserking, flying, studying Shields, very quick
A: sickness immunity, fire resistance 2, cold vulnerability 1, float, innate
caster, HP casting, extra vitality 1
a: Renounce Religion, Upheaval


You were on level 2 of the Lair of Beasts.
You worshipped Qazlal.
Qazlal was pleased with you.
You visited 3 branches of the dungeon, and saw 12 of its levels.

You collected 472 gold pieces.

Inventory:

Hand Weapons
 a - a +3 falchion (weapon)
Missiles
 h - 20 poisoned darts
 l - 3 javelins (quivered)
Armour
 b - a +3 leather armour (worn)
 z - a scarf of repulsion (worn)
 C - the +2 pair of gloves of Circular Logic (worn) {Rampage}
   (You found it on level 2 of the Lair of Beasts)

   Rampage:   It bestows one free step when moving towards enemies.
Jewellery
 q - a ring of resist corrosion (left hand)
 u - a +4 ring of protection (right hand)
 A - an amulet of the acrobat (around neck)
 B - a +6 ring of strength
Wands
 g - a wand of digging (7)
 s - a wand of flame (10)
 y - a wand of mindburst (9)
Scrolls
 c - a scroll of blinking {unknown}
 d - 3 scrolls of magic mapping
 e - a scroll of fear
 j - 3 scrolls of teleportation
 k - 3 scrolls of vulnerability
 r - 2 scrolls of fog
 t - a scroll of torment
 D - a scroll of poison
Potions
 f - 2 potions of curing
 i - a potion of haste
 n - 3 potions of mutation
 o - a potion of invisibility
 v - 2 potions of lignification
 w - a potion of brilliance {unknown}
 x - a potion of cancellation


   Skills:
 * Level 6.8 Fighting
 * Level 10.4 Long Blades
 + Level 2.0 Throwing
 + Level 4.1 Armour
 + Level 6.0 Dodging
 + Level 5.1 Stealth
 + Level 1.5 Shields
 * Level 4.0 Spellcasting
 + Level 0.2 Invocations
 + Level 2.1 Evocations


You knew the following spells:

 Your Spells              Type           Power      Damage    Failure   Level
a - Shock                 Conj/Air       48%        1d6       5%          1
b - Poisonous Vapours     Pois/Air       24%        N/A       9%          2
c - Momentum Strike       Conj/Tloc      24%        3d8       9%          2
d - Dispel Undead         Necr           12%        3d9       47%         4
e - Fireball              Conj/Fire      6%         3d5       83%         5
Your spell library was empty.

Dungeon Overview and Level Annotations

Branches:
Dungeon (9/15)             Temple (1/1) D:4            Lair (2/5) D:9
  Swamp: Lair:2-3    Shoals: Lair:2-3     Snake: Lair:2-3    Spider: Lair:2-3
    Orc: D:9-12

Altars:
Ashenzari
Cheibriados
Dithmenos
Elyvilon
Fedhas
Gozag
Hepliaklqana
Makhleb
Nemelex Xobeh
Okawaru
Qazlal
Trog
Uskayaw
Wu Jian
Xom
Yredelemnul
Zin
The Shining One

Shops:
D:5 [

Annotations:
D:3 2 transporters, Brasilia's ghost, amateur OpWn
D:4 1 runed translucent door, Crazy Yiuf
D:5 Eustachio


Innate Abilities, Weirdness & Mutations

You are immune to sickness and miasma.
You are immune to poison.
Your flesh is very heat resistant. (rF++)
You are vulnerable to cold. (rC-)
You float through the air rather than walking.
You learn spells naturally, not from books.
Your magical power is your life essence.
You have superior vitality. (+4 MHP)


Message History

You hit the blink frog.
The blink frog is moderately wounded.
The blink frog hits you!
* * * LOW HITPOINT WARNING * * *
The blink frog misses you.
You hit the blink frog.
The blink frog is moderately wounded.
The blink frog closely misses you.
You slash the blink frog!
The blink frog is severely wounded.
The yak closely misses you. The blink frog barely misses you.
A red film seems to cover your vision as you go berserk!
You feel yourself moving faster!
You feel mighty!
The blink frog hits you but does no damage.
The yak misses you.
You slash the blink frog!
The blink frog is almost dead.
The blink frog hits you!
* * * LOW HITPOINT WARNING * * *
The blink frog blinks!
The yak misses you. The yak closely misses you.
You rampage towards the blink frog!
You rampage towards the blink frog!
You feel a strong urge to attack something.
The blink frog blinks!
The blink frog hits you!
* * * LOW HITPOINT WARNING * * *
The blink frog blinks!
You slash the blink frog!
You kill the blink frog!
Qazlal accepts your kill.
Your Spellcasting skill increases to level 4!
You slash the blink frog!
The blink frog is moderately wounded.
The blink frog closely misses you.
You miss the blink frog.
The blink frog is moderately wounded.
You are too berserk!
You slice the blink frog!!
The blink frog is almost dead.
The blink frog hits you.
You die...

..# ###...####....## ##...P## .
...##...##.........####......
..#.##..P.##............#.....#
..#.##..#..#...........#......###
...Y..#..#..#P..P...............#
..#........####.#..#.....#.......
...........# #...............###
##P.......######.F....###..P.##
..Y...##..YY..Y.@..#..#...###.#
[...####P.....Y.......#..## #.###
...P# ##..##...........## ##..#.
..### #....####.###...## ##.....
..# #...## ♣♣§♣♣#..## #...##. ..#
P..... #♣...♣#..#####.P..#. ..#
.....####.....#.....#....... ...
......P #.....#......#.#...# ...
.####.. #.....##############


You could see 4 yaks and a blink frog.

Vanquished Creatures
  Pikel (D:6)
  A cane toad (Lair:1)
  Grinder (D:3)
  A hornet (D:9)
  2 blink frogs (Lair:2)
  A wyvern (D:6)
  12 yaks
  A basilisk (Lair:1)
  7 water moccasins
  2 black bears
  An orc warrior (D:6)
  3 ogres
  An ice beast (D:7)
  A sky beast (D:5)
  A centaur (D:6)
  2 wolves (Lair:1)
  A phantom (D:7)
  3 bullfrogs
  3 scorpions
  2 jellies (D:5)
  3 orc priests
  2 hounds
  A sleepcap (D:4)
  2 iguanas
  5 orc wizards
  4 gnolls (D:5)
  8 adders
  A shadow imp (D:6)
  2 white imps (D:7)
  A worm (D:2)
  2 dart slugs
  7 orcs
  4 endoplasms
  4 giant cockroaches
  5 goblins
  8 hobgoblins
  5 quokkas
  2 ball pythons (D:1)
  5 bats
  3 frilled lizards
  4 kobolds
  8 rats
133 creatures vanquished.

Vanquished Creatures (collateral kills)
  2 yaks (D:9)
2 creatures vanquished.

Vanquished Creatures (others)
  5 yaks
  4 fungi
  5 plants
14 creatures vanquished.

Grand Total: 149 creatures vanquished

Notes
Turn   | Place    | Note
-------+----------+-------------------------------------------
     0 | D:5      | zlionsfan the Djinni Delver began the quest for the Orb.
     0 | D:5      | Reached XP level 1. HP: 20/20 MP: 0/0
   124 | D:5      | Reached XP level 2. HP: 25/25 MP: 0/0
   137 | D:5      | Reached skill level 2 in Long Blades
   137 | D:5      | Reached XP level 3. HP: 26/30 MP: 0/0
   137 | D:5      | Learned a level 1 spell: Shock
   152 | D:5      | Noticed a sky beast
   384 | D:3      | Reached skill level 1 in Armour
   477 | D:3      | Found a blossoming altar of Fedhas.
   531 | D:3      | Noticed a centaur
   613 | D:3      | Reached XP level 4. HP: 35/35 MP: 0/0
   635 | D:4      | Found a staircase to the Ecumenical Temple.
   646 | Temple   | Entered the Ecumenical Temple
   720 | Temple   | Became a worshipper of Qazlal Stormbringer
   918 | D:3      | Found a hazy altar of Hepliaklqana.
   957 | D:3      | Found a transporter.
   960 | D:3      | Noticed Brasilia's ghost (amateur OpWn)
   976 | D:3      | Noticed Grinder
   989 | D:3      | Noticed a black bear
  1201 | D:4      | Reached skill level 1 in Evocations
  1201 | D:4      | Reached XP level 5. HP: 17/40 MP: 0/0
  1201 | D:4      | Learned a level 2 spell: Poisonous Vapours
  1528 | D:2      | Found a faded altar of an unknown god.
  1931 | D:1      | Reached skill level 3 in Long Blades
  2332 | D:1      | Reached * piety under Qazlal
  2862 | D:3      | Found a transporter.
  2932 | D:3      | Paralysed by Grinder for 3 turns
  2940 | D:3      | Paralysed by Grinder for 4 turns
  2944 | D:3      | Killed Grinder
  2945 | D:3      | Reached skill level 1 in Spellcasting
  2945 | D:3      | Reached XP level 6. HP: 19/46 MP: 0/0
  2945 | D:3      | Reached XP level 7. HP: 21/50 MP: 0/0
  2945 | D:3      | Learned a level 2 spell: Momentum Strike
  3553 | D:4      | Reached skill level 4 in Long Blades
  3635 | D:4      | Found a runed translucent door.
  3636 | D:4      | Noticed Crazy Yiuf
  3761 | D:5      | Noticed Eustachio
  3916 | D:5      | Reached skill level 5 in Long Blades
  3953 | D:5      | Found Huoh's Armour Emporium.
  3978 | D:5      | Reached XP level 8. HP: 55/58 MP: 0/0
  4155 | D:5      | Found a glowing silver altar of Zin.
  4223 | D:6      | Noticed Pikel
  4513 | D:6      | Reached skill level 6 in Long Blades
  4513 | D:6      | Reached skill level 1 in Throwing
  4535 | D:6      | Reached ** piety under Qazlal
  4536 | D:6      | Reached skill level 5 in Fighting
  4679 | D:6      | Noticed a wyvern
  4762 | D:6      | Killed a wyvern
  4763 | D:6      | Reached XP level 9. HP: 65/65 MP: 0/0
  4763 | D:6      | Learned a level 4 spell: Dispel Undead
  4837 | D:6      | Killed Pikel
  4838 | D:6      | Reached skill level 7 in Long Blades
  5064 | D:7      | Found a white marble altar of Elyvilon.
  5276 | D:7      | Found a snail-covered altar of Cheibriados.
  5424 | D:7      | Reached skill level 5 in Dodging
  5645 | D:7      | Reached skill level 1 in Shields
  6027 | D:8      | Noticed a kobold demonologist
  6031 | D:8      | Noticed a centaur warrior
  6254 | D:9      | Reached skill level 8 in Long Blades
  6254 | D:9      | Reached XP level 10. HP: 42/72 MP: 0/0
  6515 | D:9      | Found a staircase to the Lair.
  6522 | Lair:1   | Entered Level 1 of the Lair of Beasts
  6529 | D:9      | Reached skill level 9 in Long Blades
  7126 | Lair:1   | Noticed a cane toad
  7139 | Lair:1   | Killed a cane toad
  7515 | Lair:1   | Reached skill level 5 in Stealth
  7599 | Lair:1   | Reached XP level 11. HP: 17/78 MP: 0/0
  7599 | Lair:1   | Learned a level 5 spell: Fireball
  7889 | Lair:1   | Reached skill level 10 in Long Blades
  8188 | Lair:2   | Identified the +2 pair of gloves of Circular Logic
                  | {Rampage}
  8331 | Lair:2   | HP: 2/117 [blink frog (8)]
  8335 | Lair:2   | Slain by a blink frog

Illustrated notes

Levels and vault maps discovered:
D:1:      spicycebolla_arrival_xxxplode, layout_basic
D:2:      layout_rooms, basic_ecumenical_altar
D:3:      layout_basic, lemuel_tele_altar, mainiacjoe_overflow_six_doors_small,
          gammafunk_ghost_arena, chequers_garden, kennysheep_generic_room_11,
          uniq_grinder
D:4:      minmay_octagon_keep, layout_loops_ring,
          minmay_temple_entry_stoned_glass, uniq_crazy_yiuf_cottage
D:5:      layout_gridville, zin_academy, serial_shops, shop, uniq_eustachio
D:6:      layout_cave_pools, uniq_pikel
D:7:      layout_rooms, tgw_sif, nicolae_elyvilon_peaceful_grove,
          lemuel_round_altar, minmay_misc_feat_iff
D:8:      minmay_the_grid_octo_triangle [minmay_the_grid_octo_focus,
          minmay_the_grid_octo_prize_star, minmay_the_grid_octo_fat_diamond],
          layout_loops_cross, enter_bailey_5
D:9:      layout_basic, nicolae_ru_path_of_blood, david_lair_generic
Temple:   regret_index_temple_generic_petals
Lair:1:   layout_cave_pods, beast_lair_carwin_7, grunt_megastairs_1
Lair:2:   nzn_winding_woodlands_stair_trap [nzn_winding_woodlands_5x15_parted,
          nzn_winding_woodlands_5x15_default,
          nzn_winding_woodlands_5x15_lazy_stream,
          nzn_winding_woodlands_15x15_boxy_spiral,
          nzn_winding_woodlands_5x15_cabin,
          nzn_winding_woodlands_5x15_split_checker,
          nzn_winding_woodlands_5x15_sawtooth], layout_layer_cave,
          minmay_shoals_entry_lonely_mermaid, gammafunk_ghost_necromancy,
          beast_lair_carwin_1

Skill      XL: |  1  2  3  4  5  6  7  8  9 10 11 |
---------------+----------------------------------+-----
Long Blades    | 2 3 5 6 8 9 10 | 10.4
Armour         | 1 2 3 4 |  4.1
Evocations     | 1 2 |  2.1
Dodging        | 3 5 6 |  6.0
Spellcasting   | 1 2 3 4 |  4.0
Fighting       | 4 5 6 |  6.8
Throwing       | 1 2 |  2.0
Shields        | 1 |  1.5
Stealth        | 5 |  5.1
Invocations    | |  0.2

Action                     |  1- 3 |  4- 6 |  7- 9 | 10-12 || total
---------------------------+-------+-------+-------+-------++-------
  Melee: Falchion          |    48 |   145 |   253 |   219 ||   665
         Punch             |     1 |       |     5 |     4 ||    10
  Throw: Dart              |     1 |     2 |     3 |       ||     6
         Javelin           |     1 |       |    11 |       ||    12
   Cast: Shock             |     1 |     6 |     5 |       ||    12
 Invoke: Upheaval          |       |       |       |     1 ||     1
  Evoke: Wand              |     1 |     3 |     3 |    14 ||    21
    Use: Scroll            |     2 |     1 |    15 |     9 ||    27
         Potion            |       |     2 |     4 |     2 ||     8
   Stab: Sleeping          |     2 |     6 |       |       ||     8
 Armour: Leather armour    |    10 |    47 |    99 |    52 ||   208
  Dodge: Dodged            |    30 |   108 |   170 |   132 ||   440
         Repelled          |       |       |     1 |       ||     1
  Block: Other             |       |     2 |    19 |    20 ||    41
